 Dungeon Sprint DCSS version 0.27.0-1-g7a089689b8 (webtiles) character file.

Game seed: 9227018018079024475

1573 Groucho the Imperceptible (level 8, -22/39 HPs)
             Began as a Felid Berserker on Aug 1, 2021.
             Was an Elder of Trog.
             Engulfed by a cloud of freezing vapour (29 damage)
             ... in the Dungeon (Sprint I: "Red Sonja").
             The game lasted 00:02:39 (457 turns).

Groucho the Imperceptible (Felid Berserker)          Turns: 457, Time: 00:02:39

Health: -22/39     AC:  2    Str: 13    XL:     8   Next: 59%
Magic:  9/9        EV: 22    Int:  9    God:    Trog [****..]
Gold:   858        SH:  0    Dex: 18    Spells: 7/7 levels left
                                        Lives:  0   Deaths: 2

rFire    . . .     SeeInvis +     - Unarmed
rCold    . . .     Faith    .   (shield unavailable)
rNeg     . . .     Spirit   .   (armour unavailable)
rPois    .         Reflect  .   (helmet unavailable)
rElec    .         Harm     .   (cloak unavailable)
rCorr    .         Rampage  .   (gloves unavailable)
Will     +....     NoTele   +   (boots unavailable)
Stlth    +++++++++.             (no amulet)
HPRegen  0.13/turn              (no ring)
MPRegen  0.11/turn              (no ring)

@: quick
A: very small, claws 1, fangs 3, see invisible, speed 1, shaggy fur 2, stealthy
paws, no weapons or thrown items, no armour, multi-lived
a: Renounce Religion, Berserk, Trog's Hand, Brothers in Arms


You were in the Dungeon.
You worshipped Trog.
Trog was greatly pleased with you.
You visited 1 branch You collected 858 gold pieces.

Inventory:

Wands
 g - a wand of polymorph (6)
Potions
 a - a potion of curing
 b - 2 potions of heal wounds
 c - a potion of haste
 d - 2 potions of magic
 e - a potion of berserk rage
 h - a potion of cancellation {unknown}


   Skills:
 + Level 6.3 Fighting
 + Level 8.3 Dodging
 + Level 24.6 Stealth
 + Level 6.3 Unarmed Combat


You had 7 spell levels left.
You didn't know any spells.
Your spell library was empty.

Dungeon Overview and Level Annotations

Branches:
Dungeon (1/1)

Altars:
Cheibriados
Dithmenos
Elyvilon
Fedhas
Gozag
Hepliaklqana
Kikubaaqudgha
Makhleb
Okawaru
Qazlal
Ru
Sif Muna
Trog
Uskayaw
Vehumet
Wu Jian
Xom
Yredelemnul
Zin
The Shining One
Jiyva
Lugonu

Shops:
D (


Innate Abilities, Weirdness & Mutations

You have sharp claws.
You have razor-sharp teeth.
You have supernaturally acute eyesight. (SInv)
You cover ground quickly. (Speed+)
You are covered in thick fur. (AC +2)
Your paws help you pounce on unaware monsters.
You are incapable of wielding weapons or throwing items.
You cannot wear armour.
You gain extra lives every three experience levels.


Message History

You now have 689 gold pieces (gained 27).
You are engulfed in freezing vapours.
Found 27 gold pieces.
You now have 716 gold pieces (gained 27).
You open the door.
Found 7 gold pieces and a short sword.
There is an open door here.
You now have 723 gold pieces (gained 7).
You close the door.
You open the door.
Really walk into a travel-excluded area? [Y]es or [N]o only, please.
Really walk into a travel-excluded area?
Okay, then.
Unknown command.
Really walk into a travel-excluded area? [Y]es or [N]o only, please.
Really walk into a travel-excluded area? [Y]es or [N]o only, please.
Really walk into a travel-excluded area?
There is an open door here.
Found 54 gold pieces.
You now have 750 gold pieces (gained 27).
You now have 777 gold pieces (gained 27).
You see here 27 gold pieces.
You now have 804 gold pieces (gained 27).
You now have 831 gold pieces (gained 27).
b - 2 potions of heal wounds (gained 1)
You now have 858 gold pieces (gained 27).
You open the large door.
A lorocyproca and a meliai come into view.
Found 162 gold pieces.
There is a large open door here.
You are engulfed in freezing vapours.
Ouch! That really hurt!
* * * LOW HITPOINT WARNING * * *
Unknown command.
You close the large door.
You are engulfed in freezing vapours.
Ouch! That really hurt!
You die...

##### _#..+ .'..# _####
### ##§§#### #+#$###
≈§§§#..# #^.$#y#
§§§.§.§# #..$###
≈§§)#§§# +..$$$#
+#####'### #^.@○2#
#.'.# ###++## ###.#
#..## #.# ####.$# #
########.# #$$#°°#$###
......##§# #.$$°$$$°$#
.....x.§§####.$$$$$$$$#
++######§#).'...$$$####
JJJ...§#§#####$$$###


You could see a lorocyproca (invisible, asleep) and a meliai (asleep).

Vanquished Creatures
  2 centaur warriors (D)
  An oklob plant (D)
  An unseen horror (D)
  A hornet (D)
  A slime creature (D)
  2 redbacks (D)
  Sigmund (D)
  A yak (D)
  A floating eye (D)
  An ogre (D)
  A jelly (D)
  Ijyb (D)
14 creatures vanquished.

Notes
Turn   | Place    | Note
-------+----------+-------------------------------------------
     0 | D        | Groucho the Felid Berserker began the quest for the Orb.
     0 | D        | Reached XP level 1. HP: 10/10 MP: 2/2
     2 | D        | Noticed Ijyb
    11 | D        | Killed Ijyb
    12 | D        | Reached skill level 8 in Stealth
    12 | D        | Reached XP level 2. HP: 14/14 MP: 3/3
   163 | D        | Noticed an ogre
   170 | D        | Killed an ogre
   171 | D        | Reached skill level 12 in Stealth
   171 | D        | Reached XP level 3. HP: 17/17 MP: 4/4
   171 | D        | Reached XP level 4. HP: 21/21 MP: 5/5
   202 | D        | Noticed Sigmund
   208 | D        | Killed from afar by Sigmund
   209 | D        | Reached XP level 3. HP: -1/25 MP: 4/4
   220 | D        | Killed Sigmund
   220 | D        | Reached ** piety under Trog
   221 | D        | Reached skill level 16 in Stealth
   221 | D        | Reached XP level 4. HP: 21/21 MP: 5/5
   221 | D        | Reached XP level 5. HP: 24/24 MP: 6/6
   243 | D        | Found a shimmering blue altar of Sif Muna.
   244 | D        | Found an ornate altar of the Wu Jian Council.
   245 | D        | Found a radiant altar of Vehumet.
   264 | D        | Found Beskuell's Weapon Emporium.
   264 | D        | Found an ancient bone altar of Kikubaaqudgha.
   264 | D        | Found a hazy altar of Hepliaklqana.
   264 | D        | Found a stormy altar of Qazlal.
   264 | D        | Found a hide-covered altar of Uskayaw.
   264 | D        | Found a blossoming altar of Fedhas.
   264 | D        | Found a bloodstained altar of Trog.
   264 | D        | Found an iron altar of Okawaru.
   264 | D        | Found a basalt altar of Yredelemnul.
   264 | D        | Found a glowing golden altar of the Shining One.
   264 | D        | Found a snail-covered altar of Cheibriados.
   264 | D        | Found a sacrificial altar of Ru.
   264 | D        | Found a glowing silver altar of Zin.
   264 | D        | Found a shadowy altar of Dithmenos.
   264 | D        | Found a white marble altar of Elyvilon.
   264 | D        | Noticed a yak
   266 | D        | Found an opulent altar of Gozag.
   267 | D        | Killed a yak
   268 | D        | Reached skill level 18 in Stealth
   268 | D        | Gained mutation: You are covered in thick fur. (AC +2)
                  | [Felid growth]
   268 | D        | Reached XP level 6. HP: 28/28 MP: 7/7
   295 | D        | Noticed a centaur warrior
   295 | D        | Noticed a centaur warrior
   296 | D        | Killed a centaur warrior
   296 | D        | Reached *** piety under Trog
   297 | D        | Reached skill level 22 in Stealth
   297 | D        | Reached XP level 7. HP: 31/31 MP: 8/8
   297 | D        | Reached XP level 8. HP: 34/34 MP: 9/9
   297 | D        | Killed a centaur warrior
   298 | D        | Reached skill level 23 in Stealth
   315 | D        | Found a burning altar of Makhleb.
   315 | D        | Found a viscous altar of Jiyva.
   315 | D        | Found a shimmering altar of Xom.
   315 | D        | Found a corrupted altar of Lugonu.
   315 | D        | Noticed a slime creature
   318 | D        | Killed a slime creature
   319 | D        | Reached skill level 24 in Stealth
   346 | D        | Noticed a hornet
   349 | D        | Killed a hornet
   350 | D        | Reached skill level 5 in Dodging
   350 | D        | Reached XP level 9. HP: 39/39 MP: 10/10
   359 | D        | Noticed an oklob plant
   361 | D        | Killed an oklob plant
   361 | D        | Reached **** piety under Trog
   362 | D        | Reached skill level 5 in Fighting
   362 | D        | Reached skill level 5 in Unarmed Combat
   390 | D        | Reached ***** piety under Trog
   399 | D        | Noticed an unseen horror
   399 | D        | Noticed an unseen horror
   421 | D        | Killed an unseen horror
   425 | D        | Slain by an unseen horror
   426 | D        | Reached XP level 8. HP: 0/58 MP: 9/9
   454 | D        | Noticed a meliai
   454 | D        | Noticed a lorocyproca
   457 | D        | Engulfed by a cloud of freezing vapour

Illustrated notes

Levels and vault maps discovered:
D:        dungeon_sprint_1 [red_sonja_temple_1, red_sonja_temple_small_1]

Skill      XL: |  1  2  3  4  5  6  7  8  9 |
---------------+----------------------------+-----
Stealth        | 8 12 16 18 22 24 | 24.6
Fighting       | 4 6 |  6.3
Dodging        | 5 8 |  8.3
Unarmed Combat | 4 6 |  6.3

Action                   |  1- 3 |  4- 6 |  7- 9 || total
-------------------------+-------+-------+-------++-------
Melee: Unarmed           |    11 |     5 |    16 ||    32
       Bite              |     1 |       |     3 ||     4
Invok: Berserk           |     3 |     1 |     1 ||     5
       Trog's Hand       |       |       |     1 ||     1
       Brothers in Arms  |       |       |     1 ||     1
  Use: Scroll            |       |     1 |       ||     1
 Stab: Sleeping          |     1 |     3 |     7 ||    11
Armor: Skin              |       |       |     1 ||     1
Dodge: Dodged            |     6 |     1 |    15 ||    22
